 Dungeon Crawl Stone Soup version 0.30.0-29-ga12c61a403 (webtiles) character file.

Game seed: 15047086098021762806

74 ces the Shooter (level 4, -2/22 HPs)
             Began as a Spriggan Hunter on June 26, 2023.
             Slain by a gnoll
             ... wielding a +1 whip of venom
              (5 damage)
             ... on level 2 of the Dungeon.
             The game lasted 00:03:26 (1482 turns).

ces the Shooter (Spriggan Hunter)                   Turns: 1482, Time: 00:03:27

Health: -2/22      AC:  2    Str:  7    XL:     4   Next: 9%
Magic:  5/5        EV: 18    Int: 10    God:
Gold:   115        SH:  0    Dex: 20    Spells: 3/3 levels left

rFire   . . .        a - +1 shortbow
rCold   . . .        (shield currently unavailable)
rNeg    . . .        c - +0 robe
rPois   .            (helmet restricted)
rElec   .            (no cloak)
rCorr   .            (gloves unavailable)
SInv    +            (boots unavailable)
Will    +....        (no amulet)
Stlth   ++           (no ring)
HPRegen 0.23/turn    (no ring)
MPRegen 0.09/turn

%: no passive effects
@: very quick
A: very small, no large weapons, unfitting armour, see invisible, speed 3,
strong-willed 1
a: no special abilities


You were on level 2 of the Dungeon.
You visited 1 branch of the dungeon, and saw 3 of its levels.

You collected 115 gold pieces.

Inventory:

Hand Weapons
 a - a +1 shortbow (weapon)
Armour
 c - a +0 robe (worn)
 i - an orb of wrath
Jewellery
 f - a ring of magical power
Scrolls
 b - a scroll of immolation
 d - a scroll of magic mapping {unknown}
 h - a scroll of fear {unknown}
Potions
 e - a potion of curing
 g - a potion of lignification {unknown}


   Skills:
 - Level 1.5 Fighting
 + Level 5.4 Ranged Weapons
 * Level 3.4 Dodging
 - Level 1.5 Stealth


You had 3 spell levels left.
You didn't know any spells.
Your spell library was empty.

Dungeon Overview and Level Annotations

Branches:
Dungeon (3/15)

Altars:

Annotations:
D:3 Natasha


Innate Abilities, Weirdness & Mutations

You are very small and have problems with some larger weapons.
You are too small for most types of armour.
You have supernaturally acute eyesight. (SInv)
You cover ground extremely quickly. (Speed+++)
You are strong-willed. (Will+)


Message History

You climb downwards.
The gnoll shouts! x2; Natasha hisses angrily.
Found 11 gold pieces and a potion of curing.
Found an escape hatch in the ceiling.
There is a stone staircase leading up here.
There are monsters nearby!
The gnoll closely misses you.
The gnoll shouts!
You climb upwards.
There is a stone staircase leading down here.
No target in view!
You climb downwards.
Level annotation: Natasha The quokka barely misses you.
The gnoll closely misses you. The gnoll hits you with a +0 flail.
The gnoll closely misses you. The gnoll misses you. The quokka misses you.
There is a stone staircase leading up here.
You can't go down here!
The goblin shouts!
The gnoll hits you with a +1 whip of venom.
You are poisoned.
The gnoll hits you with a +0 whip. The gnoll misses you. x2
The quokka bites you but does no damage.
You climb upwards.
You feel very sick.
There is a stone staircase leading down here.
Okay, then.
You feel better. The gnoll hits you with a +0 whip.
The gnoll hits you with a +0 flail!
The gnoll hits you with a +1 whip of venom.
* * * LOW HITPOINT WARNING * * *
You are lethally poisoned!
The quokka misses you.
You feel better. The quokka closely misses you.
The gnoll hits you with a +0 flail.
* * * LOW HITPOINT WARNING * * *
The gnoll hits you with a +0 whip.
* * * LOW HITPOINT WARNING * * *
The gnoll hits you with a +1 whip of venom.
You die...

...# #.##.##.# #.#...#.# #.
##.##### #.##.##.###.......# ##
#.....# #...........###.###
#.###.######..#####.# #.#
#.............#####.###.#######
##..##.#######.##..............#
...###.# #.##.##.##..#####.#
.#####.# #.##r##.##.## #.##
.......# #.g@g...##.# #..#
######## ####g#####.# ##.#
##.#####.#### #.# #...#.......#
#.# #.#.#.......# #.#
#...#.......# #.# ###.#.......#
#.# #.#..(....# #)# #####
#.#.....>.# #.#


You could see 3 gnolls and a quokka.

Vanquished Creatures
  2 adders
  3 worms (D:2)
  2 dart slugs (D:1)
  5 ball pythons
  3 bats
  4 endoplasms
  5 goblins
  3 hobgoblins (D:1)
  4 quokkas
  2 frilled lizards (D:2)
  4 kobolds
  4 rats
41 creatures vanquished.

Notes
Turn   | Place    | Note
-------+----------+-------------------------------------------
     0 | D:1      | ces the Spriggan Hunter began the quest for the Orb.
     0 | D:1      | Reached XP level 1. HP: 10/10 MP: 2/2
   138 | D:1      | Reached XP level 2. HP: 14/14 MP: 3/3
   824 | D:2      | Reached XP level 3. HP: 18/18 MP: 4/4
   848 | D:2      | Gained mutation: You are strong-willed. (Will+) [potion of
                  | mutation]
   881 | D:1      | Reached skill level 5 in Ranged Weapons
  1219 | D:2      | Reached XP level 4. HP: 22/22 MP: 5/5
  1474 | D:3      | Noticed Natasha
  1482 | D:2      | Slain by a gnoll

Illustrated notes

Levels and vault maps discovered:
D:1:      matt_arrival_refuge, layout_basic
D:2:      layout_loops_cross
D:3:      layout_rooms, shapermc_ecumenical_altar_mp_highgroup, minivault_26,
          grunt_ministairs_13, uniq_grinder, uniq_natasha

Skill      XL: |  1  2  3 |
---------------+----------+-----
Dodging        | 3 |  3.4
Ranged Weapons | 5 |  5.4
Fighting       | |  1.5
Stealth        | |  1.5

Action                     |  1- 3 |  4- 6 || total
---------------------------+-------+-------++-------
   Fire: Shortbow          |   114 |     6 ||   120
    Use: Potion            |     3 |     2 ||     5
         Scroll            |     1 |       ||     1
 Armour: Robe              |     5 |     1 ||     6
  Dodge: Dodged            |    39 |    10 ||    49
